 Dungeon Crawl Stone Soup version 0.23-a0-301-g9da9e51 (webtiles) character file.

25 DrChives the Covered (level 2, -4/27 HPs)
             Began as a Minotaur Fighter on Oct 8, 2018.
             Slain by a gnoll
             ... wielding a +0 spear
              (5 damage)
             ... on level 2 of the Dungeon.
             The game lasted 00:04:20 (896 turns).

DrChives the Covered (Minotaur Fighter)              Turns: 896, Time: 00:04:21

Health: -4/27      AC:  9    Str: 20    XL:     2   Next: 82%
Magic:  1/1        EV:  7    Int:  5    God:
Gold:   41         SH:  9    Dex:  9    Spells: 1/1 levels left

rFire    . . .     SeeInvis .   a - +0 trident
rCold    . . .     Gourm    .   c - +0 shield
rNeg     . . .     Faith    .   b - +0 scale mail
rPois    .         Spirit   .   (helmet restricted)
rElec    .         Reflect  .   (no cloak)
rCorr    .         Harm     .   (no gloves)
MR       .....                  e - -2 pair of boots (curse)
Stlth    ..........             (no amulet)
HPRegen  0.09/turn              h - +3 ring of protection
MPRegen  0.07/turn              (no ring)

@: no status effects
A: retaliatory headbutt, horns 2
a: no special abilities


You were on level 2 of the Dungeon.
You were not hungry.

You visited 1 branch of the dungeon, and saw 2 of its levels.

You collected 41 gold pieces.

Inventory:

Hand Weapons
 a - a +0 trident (weapon)
Armour
 b - a +0 scale mail (worn)
 c - a +0 shield (worn)
 e - a cursed -2 pair of boots (worn)
Jewellery
 h - a +3 ring of protection (left hand)
Scrolls
 i - 3 scrolls of teleportation
Potions
 d - a potion of might
 g - a potion of curing
Comestibles
 f - 7 rations


   Skills:
 + Level 4.1 Fighting
 + Level 2.6 Polearms
 + Level 4.1 Armour
 + Level 0.1 Dodging
 + Level 4.0 Shields


You had one spell level left.
You didn't know any spells.
Your spell library was empty.

Dungeon Overview and Level Annotations

Branches:
Dungeon (2/15)

Altars:


Innate Abilities, Weirdness & Mutations

You reflexively headbutt those who attack you in melee.
You have a pair of horns on your head.


Message History

You barely miss the hobgoblin.
The hobgoblin is heavily wounded.
The hobgoblin hits you but does no damage.
The kobold hits you but does no damage. The gnoll hits you but does no damage.
The gnoll barely misses you. The gnoll hits you with a whip.
* * * LOW HITPOINT WARNING * * *
The gnoll closely misses you. You block the rat's attack.
The kobold hits you but does no damage.
You hit the hobgoblin but do no damage.
The hobgoblin is heavily wounded.
The gnoll hits you from afar with a spear.
* * * LOW HITPOINT WARNING * * *
You block the hobgoblin's attack. The gnoll hits you but does no damage.
The gnoll barely misses you. The gnoll hits you.
* * * LOW HITPOINT WARNING * * *
A hobgoblin comes into view.
You block the rat's attack. You block the kobold's attack.
You block the gnoll's attack.
The gnoll hits you from afar with a spear.
You die...

..............##
...........(...
..........[...
<............
.......#g#S.#
.......#g#Sl#
..)...Sgg#rr##...
.....wggg@gb.....
....$.gg##Kl.....
.##..#### K....>.
#. ....... #.
....... # .......
....... ..g....


You could see a worm, 7 gnolls, 3 adders, a quokka, 4 hobgoblins, a bat, 2
kobolds, 2 frilled lizards and a rat.

Vanquished Creatures
  A dart slug (D:1)
  A giant cockroach (D:1)
  6 goblins (D:1)
  4 hobgoblins (D:1)
  A ball python (D:1)
  3 bats (D:1)
  A frilled lizard (D:1)
  5 rats (D:1)
22 creatures vanquished.

Notes
Turn   | Place    | Note
-------+----------+-------------------------------------------
     0 | D:1      | DrChives the Minotaur Fighter began the quest for the Orb.
     0 | D:1      | Reached XP level 1. HP: 19/19 MP: 0/0
   166 | D:1      | Reached XP level 2. HP: 21/27 MP: 1/1
   896 | D:2      | HP: 1/27 [gnoll (4)]
   896 | D:2      | Slain by a gnoll

Vault maps used:
D:1:      minmay_arrival_checkered_box
D:2:      dancing_weapons_uskayaw, lemuel_round_altar, minmay_vboxes

Skill      XL: |  1  2 |
---------------+-------+-----
Armour         | 4 |  4.1
Fighting       | 4 |  4.1
Shields        | 4 |  4.0
Polearms       | |  2.6
Dodging        | |  0.1

Action                   || total
-------------------------++-------
Melee: Trident           ||    50
       Headbutt          ||    10
  Use: Scroll            ||     4
Armor: Scale mail        ||    53
Dodge: Dodged            ||    41
Block: Shield            ||    72

Table legend:
 A = Non-vault XP
 B = Vault XP
 C = Vault XP percentage of total XP
 D = Non-vault monster count
 E = Vault monster count
 F = Vault count percentage of total count
                 A         B        C        D         E       F
            +---------+---------+-------+---------+---------+-------
      Total |      36 |       0 |   0.0 |      22 |       0 |   0.0
            +---------+---------+-------+---------+---------+-------
        D:1 |      36 |       0 |   0.0 |      22 |       0 |   0.0
            +---------+---------+-------+---------+---------+-------
